 Dungeon Crawl Stone Soup version 0.27-a0-1232-gc6a4cbde82 (webtiles) character file.

Game seed: 9887329779919304500

618 ZappyNine the Ruffian (level 7, -3/70 HPs)
             Began as a Troll Monk on June 8, 2021.
             Slain by a vampire (11 damage)
             ... on level 5 of the Dungeon.
             The game lasted 00:06:14 (3458 turns).

ZappyNine the Ruffian (Troll Monk)                  Turns: 3458, Time: 00:06:15

Health: -3/70      AC:  5    Str: 19    XL:     7   Next: 21%
Magic:  6/6        EV: 11    Int: 12    God:
Gold:   489        SH:  0    Dex: 12    Spells: 6/6 levels left

rFire    . . .     SeeInvis .     - Unarmed
rCold    . . .     Faith    .   (no shield)
rNeg     . . .     Spirit   .   a - +0 robe
rPois    .         Reflect  .   (helmet restricted)
rElec    +         Harm     .   o - +0 cloak
rCorr    +         Rampage  .   (gloves unavailable)
Will     .....                  (boots unavailable)
Stlth    ++........             (no amulet)
HPRegen  1.21/turn              d - ring "Catezill" {rElec rCorr Str-3 Int+6}
MPRegen  0.10/turn              (no ring)

@: hasted, very quick
A: large, unfitting armour, claws 3, regeneration 1, shaggy fur 1, tough skin 1
a: no special abilities


You were on level 5 of the Dungeon.
You visited 1 branch of the dungeon, and saw 5 of its levels.

You collected 1207 gold pieces.
You spent 718 gold pieces at shops.

Inventory:

Armour
 a - a +0 robe (worn)
 o - a +0 cloak (worn)
Jewellery
 d - the ring "Catezill" (left claw) {rElec rCorr Str-3 Int+6}
   (You bought it in a shop on level 3 of the Dungeon)

   [ring of intelligence]

   It affects your strength (-3).
   It affects your intelligence (+6).
   It insulates you from electricity.
   It protects you from acid and corrosion.
Wands
 g - a wand of iceblast (9)
 j - a wand of paralysis (10)
 k - a wand of flame (20)
 l - a wand of acid (14)
Scrolls
 h - 3 scrolls of identify
 m - a scroll of teleportation {unknown}
Potions
 b - a potion of flight
 c - 2 potions of lignification
 f - a potion of curing
 i - a potion of brilliance
 n - a potion of ambrosia {unknown}


   Skills:
 + Level 4.0 Fighting
 + Level 4.0 Dodging
 - Level 1.0 Stealth
 * Level 6.3 Unarmed Combat


You had 6 spell levels left.
You didn't know any spells.
Your spell library was empty.

Dungeon Overview and Level Annotations

Branches:
Dungeon (5/15)             Temple (0/1) D:4

Altars:
Cheibriados
Gozag
Qazlal
Vehumet

Shops:
D:3 =   D:4 *

Portals:
Ossuary: D:5


Innate Abilities, Weirdness & Mutations

You are too large for most types of armour.
You have claws for hands.
Your natural rate of healing is unusually fast.
You are covered in fur. (AC +1)
You have tough skin. (AC +1)


Message History

The vampire gestures wildly while chanting.
The vampire flickers and vanishes!
Deactivating autopickup; reactivate with Ctrl-A.
You scratch something but do no damage. You scratch something but do no damage.
You hear some strange, mumbled words.
You are confused.
You completely miss something. Something hits you.
Something bites you but does no damage.
You scratch the iguana but do no damage.
You scratch the iguana.
The iguana is moderately wounded.
The iguana misses you. Something hits you. Something bites you!
Something draws strength from your injuries!
You miss the iguana.
The iguana is moderately wounded.
The iguana bites you but does no damage.
Something hits you but does no damage. Something bites you but does no damage.
You're too confused to move!
The iguana closely misses you.
You bump into the rock wall.
The iguana bites you.
You bump into the rock wall.
Something hits you. Something barely misses you.
You bump into the rock wall.
You feel less confused. The iguana barely misses you. Something hits you!
Something bites you but does no damage.
You scratch the iguana. Your claw misses the iguana.
The iguana is moderately wounded.
The iguana closely misses you.
You barely miss the iguana.
The iguana is moderately wounded.
Something hits you! Something bites you!
* * * LOW HITPOINT WARNING * * *
Something draws strength from your injuries!
Unknown command.
Okay, then.
Something hits you!
* * * LOW HITPOINT WARNING * * *
Something bites you!
You die...

*****#........# #.>.#.>.#
#........# #...#...#
******....#.#.# #####*###
,,*,,,....._..###)..*,,,*
,,*,,,.####.#..##.∩.#,>,*
,,*,,,,+..!.....#...#,,,**
***,,,,#........+####***+*
,,,,,,,#.........#*####.,***
,,,**###.......#@#......,,,*
,,,*,...................**,*****
,,,*,........#.l........,,,,,,<*
,,,*,...#+##........#.##,*,*****
,,,*,...*,*####.........,*,*
,,,,,.,,,,,,,,......#.#,,*,*
,,,,,,,,,,,,,###.#......,*,*
,,,,,,,,,,,,,* #....#.#.,*,*
,,,,,,,,,,,,,* #....#.#***,*


You could see an iguana.

Vanquished Creatures
  An ice beast (D:4)
  A howler monkey (D:4)
  3 hounds
  3 iguanas
  Crazy Yiuf (D:4)
  A bullfrog skeleton (D:4)
  Jessica (D:2)
  Terence (D:2)
  2 orc wizards
  A hound zombie (D:5)
  Robin (D:2)
  3 adders
  An adder skeleton (D:4)
  2 worms (D:2)
  A dart slug (D:2)
  11 orcs
  7 endoplasms
  3 giant cockroaches
  8 goblins
  9 hobgoblins
  10 jackals
  2 quokkas
  4 ball pythons
  4 bats (D:1)
  3 frilled lizards (D:1)
  9 kobolds
  4 rats
97 creatures vanquished.

Vanquished Creatures (others)
  3 fungi (D:4)
3 creatures vanquished.

Grand Total: 100 creatures vanquished

Notes
Turn   | Place    | Note
-------+----------+-------------------------------------------
     0 | D:1      | ZappyNine the Troll Monk began the quest for the Orb.
     0 | D:1      | Reached XP level 1. HP: 22/22 MP: 0/0
   117 | D:1      | Reached XP level 2. HP: 20/29 MP: 1/1
   323 | D:1      | Found a faded altar of an unknown god.
   763 | D:2      | Reached XP level 3. HP: 33/36 MP: 2/2
   767 | D:2      | Noticed Robin
   893 | D:2      | Noticed Jessica
   913 | D:2      | Killed Jessica
   914 | D:2      | Reached skill level 4 in Unarmed Combat
  1034 | D:2      | Reached XP level 4. HP: 41/44 MP: 3/3
  1036 | D:2      | Killed Robin
  1163 | D:2      | Identified a scroll of acquirement
  1163 | D:2      | Acquired 988 gold pieces
  1194 | D:2      | Noticed Terence
  1204 | D:2      | Killed Terence
  1234 | D:2      | Found a snail-covered altar of Cheibriados.
  1562 | D:3      | Found Welipu's Jewellery Emporium.
  1565 | D:3      | Bought the ring "Catezill" {rElec rCorr Str-3 Int+6} for
                  | 718 gold pieces
  1651 | D:3      | Reached XP level 5. HP: 53/53 MP: 4/4
  1946 | D:3      | Found a stormy altar of Qazlal.
  2371 | D:4      | Found an opulent altar of Gozag.
  2379 | D:4      | Found Gozag's Platinum Reserve.
  2458 | D:4      | Reached skill level 5 in Unarmed Combat
  2559 | D:4      | Noticed an ice beast
  2586 | D:4      | Killed an ice beast
  2587 | D:4      | Reached XP level 6. HP: 17/61 MP: 5/5
  2797 | D:4      | Found a staircase to the Ecumenical Temple.
  2932 | D:4      | Identified the +8 long sword of Arothaist {pain, rPois
                  | Will+ rCorr MP-9}
  3161 | D:4      | Reached skill level 6 in Unarmed Combat
  3241 | D:4      | Found a runed translucent door.
  3242 | D:4      | Noticed Crazy Yiuf
  3248 | D:4      | Killed Crazy Yiuf
  3249 | D:4      | Reached XP level 7. HP: 68/68 MP: 6/6
  3285 | D:5      | Entered Level 5 of the Dungeon
  3393 | D:5      | Found a radiant altar of Vehumet.
  3405 | D:5      | Found a sand-covered staircase.
  3419 | D:5      | Noticed a vampire
  3458 | D:5      | Slain by a vampire

Illustrated notes

Levels and vault maps discovered:
D:1:      psy_arrival_terrarium, layout_loops_cross, basic_ecumenical_altar
D:2:      layout_basic, basic_altar, uniq_jessica, uniq_robin, uniq_terence
D:3:      layout_basic, nicolae_qazlal_eye_of_the_storm, serial_shops,
          nicolae_shop_behind_doors
D:4:      layout_basic, nicolae_gozag_zags_fifth_avenue,
          minmay_temple_entry_ruins, minmay_quantized, uniq_crazy_yiuf_cottage
D:5:      minmay_recursive_quarters, layout_basic, lemuel_crystal_altar,
          nicolae_ossuary_entry_false_entrances

Skill      XL: |  1  2  3  4  5  6  7 |
---------------+----------------------+-----
Unarmed Combat | 4 5 6 |  6.3
Fighting       | 3 4 |  4.0
Dodging        | 3 4 |  4.0
Stealth        | |  1.0

Action                   |  1- 3 |  4- 6 |  7- 9 || total
-------------------------+-------+-------+-------++-------
Melee: Unarmed           |   108 |   208 |    45 ||   361
       Punch             |       |       |     1 ||     1
  Use: Potion            |     2 |     1 |     1 ||     4
       Scroll            |       |     8 |     1 ||     9
 Stab: Sleeping          |     4 |       |       ||     4
Armor: Robe              |    44 |    59 |    12 ||   115
Dodge: Dodged            |    59 |    92 |    15 ||   166

Table legend: (Time is in decaauts)
 A = Elapsed time spent in this place.
 B = Non-inter-level travel time spent in this place.
 C = Inter-level travel time spent in this place.
 D = Time resting spent in this place.
 E = Time spent auto-exploring this place.
 F = Levels seen in this place.
 G = Mean time per level.
                   A        B        C        D        E       F      G
               +--------+--------+--------+--------+--------+-----+--------+
         Total |   3395 |   3298 |     97 |    380 |   2127 |   5 |  679.0 |
       Dungeon |   3395 |   3298 |     97 |    380 |   2127 |   5 |  679.0 |
               +--------+--------+--------+--------+--------+-----+--------+

Top non-repeatable levels by time:
     D:4: 888 daAuts
     D:3: 838 daAuts
     D:2: 786 daAuts
     D:1: 733 daAuts
     D:5: 149 daAuts
